 Dungeon Crawl Stone Soup version 0.30-a0-1082-g70414cbcbb (webtiles) character file.

Game seed: 2020009316501024998

6276 jlumianski the Cleaver (level 10, -1/79 HPs)
             Began as a Demonspawn Fighter on Apr 16, 2023.
             Was a Believer of Qazlal.
             Slain by a freezing wraith (11 damage)
             ... on level 8 of the Dungeon.
             The game lasted 00:34:54 (7791 turns).

jlumianski the Cleaver (Demonspawn Fighter)         Turns: 7791, Time: 00:34:54

Health: -1/79      AC: 19    Str: 36    XL:     10   Next: 63%
Magic:  10/10      EV:  9    Int:  7    God:    Qazlal [**....]
Gold:   545        SH:  3    Dex: 16    Spells: 9/9 levels left

rFire   . . .      SeeInvis .    k - +1 executioner's axe of Revolt {freeze, Str+3 Int-2 Dex+3}
rCold   . . .      Faith    .    (shield currently unavailable)
rNeg    . . .      Spirit   .    L - +0 plate armour
rPois   +          Reflect  .    n - +1 hat
rElec   .          Rampage  .    (no cloak)
rCorr   .                        p - +2 pair of gloves
Will    .....                    (no boots) Stlth
                                 T - amulet of magic regeneration
HPRegen 0.33/turn                r - ring of Iviqakuxzo {rPois Str+6}
MPRegen 0.52/turn                G - +6 ring of strength

@: slowed, very slow
A: horns 2, molten scales 1, ignite blood 2, powered by death 3
a: Renounce Religion, Upheaval


You were on level 8 of the Dungeon.
You worshipped Qazlal.
Qazlal was pleased with you.
You visited 2 branches of the dungeon, and saw 13 of its levels.

You collected 610 gold pieces.
You spent 65 gold pieces at shops.

Inventory:

Hand Weapons
 a - a +0 war axe
 g - a +0 vampiric whip
 k - the +1 executioner's axe of Revolt (weapon) {freeze, Str+3 Int-2 Dex+3}
   (You acquired it on level 2 of the Dungeon)

   Str:       It affects your strength (+3).
   Int:       It affects your intelligence (-2).
   Dex:       It affects your dexterity (+3).
 w - a +0 war axe of flaming
 x - a +0 arbalest
 J - a +1 whip of freezing
 K - a +0 trident of venom
Missiles
 f - 95 stones
 j - 3 datura-tipped darts
 t - 2 boomerangs
 v - 12 poisoned darts
 N - 3 javelins (quivered)
 O - a throwing net
 Q - 3 silver boomerangs
Armour
 b - a +0 scale mail
 c - a +0 buckler
 n - a +1 hat (worn)
 p - a +2 pair of gloves (worn)
 u - a +0 chain mail
 L - a +0 plate armour (worn)
Jewellery
 h - a ring of ice
 r - the ring of Iviqakuxzo (left hand) {rPois Str+6}
   (You found it on level 4 of the Dungeon)

   [ring of strength]

   Str:       It affects your strength (+6).
   rPois:     It protects you from poison.
 F - a +4 ring of protection
 G - a +6 ring of strength (right hand)
 H - a ring of poison resistance
 T - an amulet of magic regeneration (around neck)
Wands
 E - a wand of acid (14)
 U - a wand of mindburst (14)
Scrolls
 o - 2 scrolls of poison
 y - 3 scrolls of vulnerability
 A - 2 scrolls of teleportation
 M - a scroll of enchant armour
 R - 3 scrolls of identify
 S - a scroll of amnesia
 V - a scroll of brand weapon {unknown}
 W - a scroll of acquirement
Potions
 d - 5 potions of might
 e - 4 potions of flight
 i - 2 potions of haste
 l - 2 potions of degeneration
 m - a potion of magic
 q - 3 potions of lignification
 s - 3 potions of berserk rage
 z - a potion of brilliance
 B - 3 potions of heal wounds
 C - 6 potions of curing
 D - a potion of attraction
 I - a potion of mutation
 P - a potion of resistance
 X - a potion of ambrosia {unknown}


   Skills:
 + Level 7.1 Fighting
 + Level 11.0 Axes
 + Level 1.2 Throwing
 + Level 7.8 Armour
 + Level 2.8 Dodging
 - Level 0.1 Stealth
 - Level 3.0 Shields


You had 9 spell levels left.
You didn't know any spells.
Your spell library contained the following spells:

 Spells                   Type           Power      Damage    Failure   Level
 Dazzling Flash           Conj/Hex       0%         N/A       100%        3
 Frozen Ramparts          Ice            0%         1d1       100%        3
 Ice Form                 Ice/Tmut       0%         N/A       100%        4
 Summon Ice Beast         Ice/Summ       0%         N/A       100%        4
 Agony                    Necr           0%         N/A       100%        5
 Silence                  Hex/Air        0%         N/A       100%        5


Dungeon Overview and Level Annotations

Branches:
Dungeon (12/15)            Temple (1/1) D:7
   Lair: D:8-11         Orc: D:9-12

Altars:
Dithmenos
Fedhas
Gozag
Hepliaklqana
Nemelex Xobeh
Qazlal
Ru
Trog
Vehumet
Wu Jian
Yredelemnul

Shops:
D:8 *


Innate Abilities, Weirdness & Mutations

You have a pair of horns on your head.
You are partially covered in molten scales. (AC +2)
Your demonic aura often causes spilled blood to erupt in flames.
You regenerate a lot of health from kills.


Message History

The shadow flickers and vanishes!
You climb upwards.
Reactivating autopickup.
There is a stone staircase leading down, spattered with blood here.
You barely miss the freezing wraith. You barely miss something.
You slash something!
The shadow strikes at you from the darkness!
The freezing wraith hits you but does no damage. x2
The shadow strikes at you from the darkness!
The shadow hits you!
The freezing wraith hits you but does no damage.
You block the freezing wraith's attack. The shadow hits you.
The shadow is engulfed in blazing flames.
The shadow hits you.
The freezing wraith hits you but does no damage.
The freezing wraith hits you.
You closely miss the freezing wraith.
You headbutt the freezing wraith, but do no damage.
You hit the shadow. You hit the shadow but do no damage.
The shadow barely misses you.
The shadow is engulfed in blazing flames.
You destroy the shadow!
Qazlal accepts your kill.
The freezing wraith completely misses you.
The freezing wraith hits you but does no damage.
The shadow slips into darkness.
The shadow flickers and vanishes!
Deactivating autopickup; reactivate with Ctrl-A.
The freezing wraith hits you. The freezing wraith freezes you!!
The freezing wraith closely misses you.
Your Axes skill increases to level 11!
You closely miss the freezing wraith. You slash something!
The shadow strikes at you from the darkness!
The freezing wraith hits you but does no damage.
The freezing wraith completely misses you.
The shadow strikes at you from the darkness!
* * * LOW HITPOINT WARNING * * *
Reactivating autopickup.
The freezing wraith hits you!
You die...

###............##.....########..#
..+....<.......++.....'.........#
###............##.....########...
................#.....# ####
##########...........##
#...........# ###
##########...........# #[#
.........'.......☼...#########'##
.#########......@....#..........#
.# #......WW...#..........# .#
#...........#..........#
##########...........#..........#
........##...........#..........#
.######.##...........#..........#
.#....#.##############..........#
.#....#># #..........# .#..###.#
###### #..........#


You could see a freezing wraith and a shadow.

Vanquished Creatures
  The ghost of roninjake the Cleaver, a novice DsFi of Gozag (D:8)
  Pikel (D:6)
  A gargoyle (D:11)
  Maggie (D:6)
  2 trolls
  A shadow (D:8)
  A wyvern (D:9)
  Menkaure (D:4)
  3 steam dragons
  Duvessa (D:6)
  4 water moccasins
  An ice beast (D:6)
  5 orc warriors
  A black bear (D:6)
  An ogre (D:5)
  4 phantoms
  A centaur (D:9)
  A lemure (D:6)
  A kobold brigand (D:6)
  A bullfrog (D:9)
  2 scorpions
  4 wights (D:6)
  Dowan (D:6)
  10 killer bees
  A howler monkey (D:8)
  An orc priest (D:9)
  4 hounds
  A jelly (D:6)
  A sleepcap (D:8)
  5 iguanas
  Terence (D:3)
  Natasha (thrice) (D:3)
  7 orc wizards
  3 gnolls (D:6)
  9 adders
  4 white imps
  2 worms
  A dart slug (D:3)
  38 orcs
  4 bats
  7 endoplasms
  3 giant cockroaches
  7 goblins
  7 hobgoblins
  4 jackals (D:4)
  16 kobolds
  3 quokkas
  7 ball pythons
  3 frilled lizards
  6 rats
198 creatures vanquished.

Vanquished Creatures (others)
  7 plants (D:3)
7 creatures vanquished.

Grand Total: 205 creatures vanquished

Notes
Turn   | Place    | Note
-------+----------+-------------------------------------------
     0 | D:1      | jlumianski the Demonspawn Fighter began the quest for the
                  | Orb.
     0 | D:1      | Reached XP level 1. HP: 18/18 MP: 1/1
   198 | D:1      | Gained mutation: You regenerate a little health from kills.
                  | [demonic ancestry]
   198 | D:1      | Reached XP level 2. HP: 23/24 MP: 2/2
   260 | D:1      | Reached skill level 2 in Axes
   972 | D:3      | Gained mutation: You regenerate health from kills. [demonic
                  | ancestry]
   972 | D:3      | Reached XP level 3. HP: 29/29 MP: 3/3
  1111 | D:5      | Entered Level 5 of the Dungeon
  1123 | D:5      | Noticed a phantom
  1138 | D:4      | Gained mutation: You regenerate a lot of health from kills.
                  | [demonic ancestry]
  1138 | D:4      | Reached XP level 4. HP: 30/37 MP: 4/4
  1293 | D:3      | Noticed Terence
  1319 | D:3      | Killed Terence
  1320 | D:3      | Reached XP level 5. HP: 37/42 MP: 5/5
  1414 | D:4      | Reached skill level 3 in Axes
  1511 | D:3      | Noticed Natasha
  1514 | D:3      | Killed Natasha
  2097 | D:2      | Identified a scroll of acquirement
  2097 | D:2      | Acquired the +1 executioner's axe of Revolt {freeze, Str+3
                  | Int-2 Dex+3}
  2162 | D:3      | Noticed Natasha
  2169 | D:3      | Killed Natasha
  2207 | D:3      | Gained mutation: You have a pair of small horns on your
                  | head. [demonic ancestry]
  2207 | D:3      | Reached XP level 6. HP: 47/48 MP: 6/6
  2236 | D:3      | Found a hazy altar of Hepliaklqana.
  2332 | D:3      | Noticed Natasha
  2337 | D:3      | Killed Natasha
  2677 | D:4      | Reached skill level 1 in Dodging
  2763 | D:4      | Noticed a steam dragon
  2780 | D:4      | Killed a steam dragon
  2781 | D:4      | Reached skill level 4 in Axes
  2887 | D:4      | Noticed Menkaure
  2903 | D:4      | Killed Menkaure
  2904 | D:4      | Gained mutation: You have a pair of horns on your head.
                  | [demonic ancestry]
  2904 | D:4      | Reached XP level 7. HP: 53/54 MP: 7/7
  3025 | D:4      | Reached skill level 5 in Axes
  3146 | D:4      | Identified the ring of Iviqakuxzo {rPois Str+6}
  3334 | D:6      | Noticed a steam dragon
  3613 | D:6      | Reached skill level 6 in Axes
  3613 | D:6      | Reached skill level 5 in Armour
  3613 | D:6      | Gained mutation: Your demonic aura sometimes causes spilled
                  | blood to erupt in flames. [demonic ancestry]
  3613 | D:6      | Reached XP level 8. HP: 61/61 MP: 8/8
  3709 | D:7      | Found a staircase to the Ecumenical Temple.
  3721 | Temple   | Entered the Ecumenical Temple
  3730 | Temple   | Became a worshipper of Qazlal Stormbringer
  4223 | D:5      | Reached skill level 5 in Fighting
  4228 | D:5      | Reached skill level 7 in Axes
  4743 | D:6      | Reached * piety under Qazlal
  4917 | D:6      | Noticed Maggie
  4921 | D:6      | Killed Maggie
  4922 | D:6      | Gained mutation: You are partially covered in molten
                  | scales. (AC +2) [demonic ancestry]
  4922 | D:6      | Reached XP level 9. HP: 67/68 MP: 9/9
  5131 | D:6      | Noticed Pikel
  5139 | D:6      | Killed Pikel
  5140 | D:6      | Reached skill level 8 in Axes
  5207 | D:6      | Noticed Duvessa
  5207 | D:6      | Noticed Dowan
  5210 | D:6      | You fall into a shaft and drop 1 floor!
  5379 | D:6      | Killed Duvessa
  5387 | D:6      | Killed Dowan
  5412 | D:6      | Reached skill level 9 in Axes
  6109 | D:9      | Noticed a troll
  6204 | D:8      | Found Zammiary's General Store.
  6212 | D:8      | Bought a potion of berserk rage for 65 gold pieces
  6408 | D:10     | Entered Level 10 of the Dungeon
  6620 | D:8      | Gained mutation: Your demonic aura often causes spilled
                  | blood to erupt in flames. [demonic ancestry]
  6620 | D:8      | Reached XP level 10. HP: 77/77 MP: 10/10
  6896 | D:9      | Reached skill level 10 in Axes
  7272 | D:11     | Noticed a gargoyle
  7280 | D:11     | Noticed a gargoyle
  7285 | D:12     | Noticed a gargoyle
  7291 | D:11     | Killed a gargoyle
  7396 | D:9      | Reached ** piety under Qazlal
  7414 | D:9      | Reached skill level 1 in Throwing
  7561 | D:9      | Found a runed translucent gate.
  7561 | D:9      | Found a runed translucent gate.
  7562 | D:9      | Found a runed translucent gate.
  7564 | D:9      | Noticed roninjake's ghost (novice DsFi)
  7721 | D:8      | Killed roninjake's ghost
  7791 | D:8      | Reached skill level 11 in Axes
  7791 | D:8      | Slain by a freezing wraith

Illustrated notes

Levels and vault maps discovered:
D:1:      dpeg_arrival_pond, layout_basic
D:2:      layout_loops_cross, chequers_serial_rivers_micro_d
D:3:      kennysheep_big_flooded_room, layout_rooms, nzn_hepliaklqana_mist_gate,
          chequers_big_river, uniq_natasha, uniq_terence
D:4:      layout_basic, minmay_fractal_squares_gapless_5, uniq_menkaure
D:5:      layout_gridville
D:6:      layout_loops_corners, uniq_pikel, uniq_maggie, uniq_duvessa
D:7:      layout_cave_pools, minmay_temple_entry_stoned_glass
D:8:      layout_basic, serial_shops, shop
D:9:      layout_rooms, special_room [special_room_orc],
          gammafunk_ghost_spectres
D:10:     layout_long_grid, erik_lair_island, minmay_orc_entry_guard_dogs
D:11:     layout_roguey, hellmonk_ghost_happy_afterlife, wad_scary_box
D:12:     layout_roguey, portal_ice_cave_demonic_guard,
          kennysheep_orc_sif_temple
Temple:   compressed_dpeg_triangle_lava_temple

Skill      XL: |  1  2  3  4  5  6  7  8  9 10 |
---------------+-------------------------------+-----
Axes           | 2 3 4 6 7 9 11 | 11.0
Shields        | 3 |  3.0
Armour         | 3 4 5 6 7 |  7.8
Fighting       | 4 5 6 7 |  7.1
Dodging        | 1 2 |  2.8
Throwing       | 1 |  1.2
Stealth        | |  0.1

Action                     |  1- 3 |  4- 6 |  7- 9 | 10-12 || total
---------------------------+-------+-------+-------+-------++-------
  Melee: War axe           |    78 |   102 |       |       ||   180
         Executioner's axe |       |    46 |   192 |    74 ||   312
         Headbutt          |       |     4 |    38 |    18 ||    60
  Throw: Stone             |       |     3 |       |       ||     3
         Dart              |       |     1 |     3 |     4 ||     8
         Javelin           |       |       |       |     2 ||     2
    Use: Potion            |     2 |     2 |     2 |     1 ||     7
         Scroll            |       |     9 |     8 |       ||    17
 Armour: Scale mail        |    28 |    31 |       |       ||    59
         Chain mail        |       |    57 |   125 |       ||   182
         Plate armour      |       |       |    30 |    88 ||   118
  Dodge: Dodged            |    49 |    58 |   141 |    71 ||   319
  Block: Buckler           |    18 |    22 |       |       ||    40
         Other             |       |       |     3 |    11 ||    14

Table legend: (Time is in decaauts)
 A = Elapsed time spent in this place.
 B = Non-inter-level travel time spent in this place.
 C = Inter-level travel time spent in this place.
 D = Time resting spent in this place.
 E = Time spent auto-exploring this place.
 F = Levels seen in this place.
 G = Mean time per level.
                   A        B        C        D        E       F      G
               +--------+--------+--------+--------+--------+-----+--------+
         Total |   8116 |   7809 |    307 |    232 |   4514 |  13 |  624.3 |
       Dungeon |   8097 |   7790 |    307 |    232 |   4514 |  12 |  674.8 |
        Temple |     18 |     18 |      0 |      0 |      0 |   1 |   18.0 |
               +--------+--------+--------+--------+--------+-----+--------+

Top non-repeatable levels by time:
     D:6: 1431 daAuts
     D:8: 1087 daAuts
     D:5: 899 daAuts
     D:3: 891 daAuts
     D:1: 835 daAuts
     D:2: 826 daAuts
     D:4: 782 daAuts
     D:7: 642 daAuts
     D:9: 586 daAuts
    D:10: 96 daAuts
  Temple: 18 daAuts
    D:11: 15 daAuts
    D:12: 1 daAuts
